 Dungeon Crawl Stone Soup version 0.21-a0-507-ga8f6b7a (webtiles) character file.

940 luca467 the Cleaver (level 7, 63/63 HPs)
             Began as a Yellow Draconian Gladiator on Nov 27, 2017.
             Quit the game in the Ecumenical Temple on Dec 1, 2017.
             The game lasted 00:14:18 (4279 turns).

luca467 the Cleaver (Yellow Draconian Gladiator)    Turns: 4279, Time: 00:14:18

Health: 63/63      AC:  6    Str: 18    XL:     7   Next: 88%
Magic:  7/7        EV: 13    Int: 13    God:
Gold:   271        SH:  2    Dex: 13    Spells: 6/6 levels left

rFire    . . .     SeeInvis .   f - +2 hand axe (chop)
rCold    . . .     Gourm    .   (no shield)
rNeg     . . .     Faith    .   (armour unavailable)
rPois    .         Spirit   .   b - +0 hat
rElec    .         Reflect  +   (no cloak)
rCorr    +         Harm     .   (no gloves)
MR       .....                  (no boots)
Stlth    +.........             w - amulet "Golesof" {Reflect Int+5 SH+2}
HPRegen  0.20/turn              (no ring)
MPRegen  0.10/turn              (no ring)

@: very slow
A: spit acid, acid resistance, unfitting armour, cold-blooded, AC +6
a: Breathe Acid


You were in the Ecumenical Temple.
You were hungry.

You visited 2 branches of the dungeon, and saw 6 of its levels.

You collected 271 gold pieces.

Inventory:

Hand Weapons
 a - a +0 war axe
 f - a +2 hand axe of chopping (weapon)
 v - a +2 mace of protection
Missiles
 c - 2 throwing nets (quivered)
Armour
 b - a +0 hat (worn)
Jewellery
 w - the amulet "Golesof" (around neck) {Reflect Int+5 SH+2}
   (You found it on level 5 of the Dungeon)

   [amulet of reflection]

   It shields you and reflects attacks.
   It affects your intelligence (+5).
   It affects your SH (+2).
Wands
 j - a wand of flame (29)
 p - a wand of acid (17)
Scrolls
 e - a scroll of teleportation {unknown}
 h - 4 scrolls of identify {unknown}
 i - 2 scrolls of immolation {unknown}
 n - 3 scrolls of blinking {unknown}
 q - a scroll of enchant weapon {unknown}
 s - 2 scrolls of remove curse {unknown}
 t - 2 scrolls of amnesia {unknown}
 u - a scroll of magic mapping {unknown}
Potions
 l - a potion of cancellation {unknown}
 m - 3 potions of agility {unknown}
 o - a potion of curing {unknown}
 r - 2 potions of lignification {unknown}
 z - a potion of invisibility {unknown}
Books
 x - a book of Conjurations

   Spells                             Type                      Level
   a - Magic Dart                     Conjuration                  1
   b - Searing Ray                    Conjuration                  2
   c - Dazzling Spray                 Conjuration/Hexes            3
   d - Fulminant Prism                Conjuration/Hexes            4
   e - Force Lance                    Conjuration/Translocation    4
   f - Iskenderun's Mystic Blast      Conjuration                  4
Comestibles
 d - 3 bread rations
 g - 3 meat rations
 k - 2 royal jellies


   Skills:
 + Level 6.0 Fighting
 * Level 8.0 Axes
 - Level 1.7 Throwing
 - Level 2.6 Dodging


You had 6 spell levels left.
You didn't know any spells.

Dungeon Overview and Level Annotations

Branches:
Dungeon (5/15)             Temple (1/1) D:5

Altars:
Cheibriados
Dithmenos
Elyvilon
Fedhas
Gozag
Kikubaaqudgha
Makhleb
Okawaru
Qazlal
Uskayaw
Vehumet
Wu Jian
Xom
Yredelemnul
Zin
The Shining One


Innate Abilities, Weirdness & Mutations

You can spit globs of acid.
You are resistant to acid.
Your golden yellow scales are hard. (AC +6)
You cannot fit into any form of body armour.
You are cold-blooded and may be slowed by cold attacks.


Message History

You enter the shallow water.
Moving in this stuff is going to be slow.
You enter the shallow water.
Moving in this stuff is going to be slow.
You enter the shallow water.
Moving in this stuff is going to be slow.
You enter the shallow water.
Moving in this stuff is going to be slow.
You enter the shallow water.
Moving in this stuff is going to be slow.
You enter the shallow water.
Moving in this stuff is going to be slow.
Partly explored, can't reach some places.
Partly explored, can't reach some places.
Saving game... please wait.
Welcome back, luca467 the Yellow Draconian Gladiator.
Press ? for a list of commands and other information.
Unknown command.
Unknown command.
Are you sure you want to abandon this character and quit the game? (Confirm with "yes".)

♣♣.........♣♣≈≈♣♣♣♣#♣♣.
♣♣..........♣≈≈♣♣♣_.....
♣♣..#.......≈≈≈≈♣♣...#..#
♣...♣._.....≈≈≈♣♣..#.....
♣♣..#......≈≈≈≈♣.........
♣.......≈..≈≈≈♣..........
♣♣.....≈≈..≈≈♣...........
♣♣...≈≈≈..≈.........♣...
♣...≈≈≈@.......♣........
♣..≈≈≈≈♣......♣.........
♣♣≈≈≈≈♣♣.....♣♣♣♣.......
♣♣≈♣♣♣♣...♣♣♣ ♣..._..♣♣
♣≈≈♣ ♣♣..♣♣ ♣♣.....♣
♣§≈♣♣ ♣..♣♣ ♣♣..#.♣ ♣§≈
♣♣♣♣..♣ ♣♣♣♣♣♣
§§♣♣♣....♣♣ ≈♣ ♣......♣♣


There were no monsters in sight!

Vanquished Creatures
  An ice beast (D:5)
  An ogre (D:1)
  A scorpion (D:4)
  A wight (D:3)
  A crimson imp (D:5)
  A bullfrog zombie (D:5)
  2 hounds (D:4)
  7 orc wizards
  3 orc priests
  A worker ant (D:4)
  2 iguanas
  5 adders
  2 oozes (D:1)
  6 worms
  A dart slug (D:2)
  3 leopard geckos
  24 orcs
  4 giant cockroaches
  6 goblins
  8 hobgoblins
  2 quokkas
  4 ball pythons
  12 bats
  5 frilled lizards
  6 kobolds
  A leopard gecko skeleton (D:4)
  6 rats
116 creatures vanquished.

Notes
Turn   | Place    | Note
-------+----------+-------------------------------------------
     0 | D:1      | luca467 the Draconian Gladiator began the quest for the Orb.
     0 | D:1      | Reached XP level 1. HP: 17/17 MP: 1/1
    85 | D:1      | Reached XP level 2. HP: 24/25 MP: 2/2
   503 | D:1      | Reached XP level 3. HP: 30/30 MP: 3/3
   623 | D:2      | Noticed an ogre
   645 | D:1      | Killed an ogre
   645 | D:1      | Reached skill level 4 in Axes
   645 | D:1      | Reached XP level 4. HP: 12/38 MP: 4/4
  1149 | D:2      | Reached skill level 5 in Axes
  1195 | D:2      | Found a burning altar of Makhleb.
  1205 | D:2      | Found a radiant altar of Vehumet.
  1213 | D:2      | Reached XP level 5. HP: 45/46 MP: 5/5
  2139 | D:3      | Found a glowing golden altar of the Shining One.
  2301 | D:3      | Reached XP level 6. HP: 40/53 MP: 6/6
  2372 | D:4      | Reached skill level 6 in Axes
  3077 | D:4      | Reached skill level 5 in Fighting
  3084 | D:4      | Your scales start taking on a golden yellow colour.
  3084 | D:4      | Reached XP level 7. HP: 44/61 MP: 7/7
  3089 | D:4      | Reached skill level 7 in Axes
  3383 | D:5      | Entered Level 5 of the Dungeon
  3622 | D:5      | Got an ancient diamond amulet
  3719 | D:5      | Identified the amulet "Golesof" {Reflect Int+5 SH+2} (You found it on level 5 of the Dungeon)
  4013 | D:5      | Found a staircase to the Ecumenical Temple.
  4025 | D:5      | Reached skill level 8 in Axes
  4065 | Temple   | Entered the Ecumenical Temple
  4279 | Temple   | Quit the game

Vault maps used:
D:1:      eino_arrival_cavern_b, minmay_tromino_v2
D:2:      grunt_temple_overflow_open
D:3:      lemuel_crystal_altar, first_bread, st_stairs_7
D:4:      minmay_misc_feat_rugged
D:5:      minmay_temple_entry_glass, kennysheep_potato
Temple:   oiseaux_autumnal_temple

Skill      XL: |  1  2  3  4  5  6  7 |
---------------+----------------------+-----
Fighting       | 3 4 5 6 |  6.0
Axes           | 4 5 6 8 |  8.0
Throwing       | |  1.7
Dodging        | |  2.6

Action                   |  1- 3 |  4- 6 |  7- 9 || total
-------------------------+-------+-------+-------++-------
Melee: Hand axe          |    52 |   183 |    91 ||   326
       Tailslap          |     8 |    29 |     5 ||    42
Throw: Throwing net      |     3 |       |       ||     3
 Stab: Held in net/web   |     1 |       |       ||     1
       Sleeping          |       |     1 |       ||     1
  Eat: Chunk             |       |     7 |     3 ||    10
Armor: Skin              |    18 |    36 |    24 ||    78
Dodge: Dodged            |    23 |   102 |    32 ||   157

Table legend:
 A = Spawn XP
 B = Non-spawn XP
 C = Spawn XP percentage of total XP
 D = Spawn monster count
 E = Non-spawn monster count
 F = Spawn count percentage of total count
 G = Total turns spent on level
                    A         B        C        D         E        F      G
               +---------+---------+-------+---------+---------+-------+---------
         Total |       0 |    1343 |   0.0 |       0 |     116 |   0.0 |  4279
               +---------+---------+-------+---------+---------+-------+---------
           D:1 |       0 |     165 |   0.0 |       0 |      24 |   0.0 |   627
           D:2 |       0 |      54 |   0.0 |       0 |      21 |   0.0 |   831
           D:3 |       0 |     212 |   0.0 |       0 |      25 |   0.0 |   850
           D:4 |       0 |     397 |   0.0 |       0 |      21 |   0.0 |  1075
           D:5 |       0 |     515 |   0.0 |       0 |      25 |   0.0 |   682
               +---------+---------+-------+---------+---------+-------+---------
